 Dungeon Crawl Stone Soup version 0.19.5 (webtiles) character file.

151 IcySystem the Sneak (level 5, -2/25 HPs)
             Began as a Spriggan Enchanter on May 23, 2017.
             Killed by divine providence
             ... invoked by an orc priest
              (13 damage)
             ... on level 3 of the Dungeon.
             The game lasted 00:20:56 (4096 turns).

IcySystem the Sneak (Spriggan Enchanter)            Turns: 4096, Time: 00:20:57

Health: -2/25      AC:  5    Str:  4    XL:     5   Next: 10%
Magic:  10/10      EV: 18    Int: 16    God:
Gold:   87         SH:  0    Dex: 18    Spells: 2 memorised, 5 levels left

rFire  . . .     SeeInvis +     a - +1 dagger
rCold  . . .     Gourm    .     b - +1 robe
rNeg   . . .     Faith    .     (shield restricted)
rPois  .         Spirit   .     (helmet restricted)
rElec  .         Reflect  .     (no cloak)
rCorr  .         Harm     .     (gloves unavailable)
MR     .....                    (boots unavailable)
Stlth  ++++......               (no amulet)
                                r - ring of wizardry
                                s - +2 ring of protection

@: very quick
A: unfitting armour, see invisible, herbivore 3, speed 3, slow metabolism 2
a: no special abilities


You were on level 3 of the Dungeon.
You were near starving.

You visited 1 branch of the dungeon, and saw 3 of its levels.

You collected 87 gold pieces.

Inventory:

Hand Weapons
 a - a +1 dagger (weapon)
 e - a +0 dagger
 j - a +0 dagger
 k - a +0 dagger
 A - a +0 dagger
 D - a +0 short sword
 F - a +0 dagger
 H - a +0 short sword
 I - a +0 dagger
Missiles
 C - 16 poisoned needles
Armour
 b - a +1 robe (worn)
 h - a +0 robe
 w - a +0 robe
 J - a +0 robe
Jewellery
 r - a ring of wizardry (right hand)
 s - a +2 ring of protection (left hand)
Scrolls
 m - 4 scrolls of amnesia {unknown}
 o - 4 scrolls of identify {unknown}
 p - a scroll of immolation {unknown}
 q - a scroll of random uselessness {unknown}
 u - a scroll of noise {unknown}
 v - a scroll of remove curse {unknown}
 y - 2 scrolls of magic mapping {unknown}
 B - a scroll of blinking {unknown}
 E - a scroll of fog {unknown}
Potions
 g - a potion of heal wounds {unknown}
 i - a potion of mutation {unknown}
 l - a potion of cancellation {unknown}
 n - a potion of berserk rage {unknown}
 x - 2 potions of magic {unknown}
 z - 2 potions of haste {unknown}
 G - a potion of curing {unknown}
Books
 c - a book of Maledictions

   Spells                             Type                      Level
   a - Corona                         Hexes                        1
   b - Ensorcelled Hibernation        Hexes/Ice                    2
   c - Confuse                        Hexes                        3
   d - Tukima's Dance                 Hexes                        3
   e - Dazzling Spray                 Conjuration/Hexes            3
Comestibles
 d - 3 bread rations
 f - 2 fruits
 t - a slice of pizza


   Skills:
 - Level 1.0 Fighting
 + Level 3.2 Short Blades
 - Level 3.0 Dodging
 + Level 6.8 Stealth
 + Level 2.8 Spellcasting
 + Level 3.9 Hexes


You had 5 spell levels left.
You knew the following spells:

 Your Spells              Type           Power        Failure   Level  Hunger
a - Corona                Hex            ###....      1%          1    #......
b - Confuse               Hex            ###.....     4%          3    ###....


Dungeon Overview and Level Annotations

Branches:
Dungeon (3/15)

Altars:
Kikubaaqudgha
Ru
Vehumet
Yredelemnul


Innate Abilities, Weirdness & Mutations

You are very small and have problems with some larger weapons.
You are too small for most types of armour.
You have supernaturally acute eyesight. (SInv)
You are a herbivore.
You cover ground extremely quickly.
You need consume almost no food.


Message History

The orc priest hits you with a hand axe.
You hit the orc priest.
The orc priest is moderately wounded.
The orc hits you but does no damage.
The orc priest calls down the wrath of Beogh upon you.
You resist with significant effort.
You hit the orc priest.
The orc priest is moderately wounded.
The orc barely misses you.
You are near starving!
You hit the orc priest.
The orc priest is heavily wounded.
The orc priest invokes the aid of Beogh against you.
Beogh smites you! The orc hits you but does no damage.
The orc priest casts a cantrip, but nothing happens.
The orc barely misses you.
The orc priest calls down the wrath of Beogh upon you.
Beogh smites you!
Ouch! That really hurt!
You die...

.#.#.#..# ##.#### #.#
.♣.#...#..##.## #.#
#.#.#?#.#..###########.#
#...#...#.###.........#
#.#.#.#..'...)........
#.♣.#...'.#.#######.#
#.#o#..'.#.# #.#
#..o#.#...# #.#
#.#@#..##### #.#
#...#?.## #.# #.#.#..##
.# #...#..## #.#.#..#
...#..# .....# +++##


You could see an orc priest and an orc.

Vanquished Creatures
  An orc wizard (D:3)
  2 gnolls (D:2)
  4 adders
  3 oozes (D:1)
  A worm (D:2)
  A leopard gecko (D:3)
  2 orcs (D:3)
  3 giant cockroaches
  5 goblins
  3 hobgoblins
  4 jackals (D:2)
  A ball python (D:2)
  5 bats
  2 frilled lizards (D:1)
  6 kobolds
  9 rats
52 creatures vanquished.

Notes
Turn   | Place    | Note
-------+----------+-------------------------------------------
     0 | D:1      | IcySystem the Spriggan Enchanter began the quest for the Orb.
     0 | D:1      | Reached XP level 1. HP: 9/9 MP: 5/5
   187 | D:1      | Reached skill level 5 in Stealth
   187 | D:1      | Reached XP level 2. HP: 13/13 MP: 6/6
  1093 | D:1      | Reached XP level 3. HP: 17/17 MP: 8/8
  1774 | D:2      | Found a sacrificial altar of Ru.
  1774 | D:2      | Found a radiant altar of Vehumet.
  1836 | D:2      | Reached skill level 6 in Stealth
  1847 | D:2      | Reached skill level 1 in Fighting
  1942 | D:2      | Found an ancient bone altar of Kikubaaqudgha.
  2214 | D:3      | Reached XP level 4. HP: 22/22 MP: 9/9
  2385 | D:3      | Found a basalt altar of Yredelemnul.
  3044 | D:3      | Learned a level 3 spell: Confuse
  4033 | D:3      | Reached XP level 5. HP: 23/25 MP: 6/10
  4096 | D:3      | Killed from afar by an orc priest

Skill      XL: |  1  2  3  4 |
---------------+-------------+-----
Stealth        | 5 6 |  6.8
Short Blades   | 2 3 |  3.2
Fighting       | 1 |  1.0
Dodging        | |  3.0
Spellcasting   | |  2.8
Hexes          | |  3.9

Action                   |  1- 3 |  4- 6 || total
-------------------------+-------+-------++-------
Melee: Dagger            |   100 |   130 ||   230
 Cast: Confuse           |       |     8 ||     8
 Stab: Sleeping          |    15 |     5 ||    20
       Distracted        |     1 |       ||     1
       Confused          |       |     5 ||     5
Armor: Robe              |     9 |    15 ||    24
Dodge: Dodged            |    63 |    72 ||   135
